General information
			
			
        
        - name: BNet
 
        - type: Ladder team game (AT/RT)
 
        - host: Battle.net
 
        - saver: blinn
 
        
map: Deadlock 
        - players: 8
 
        - length: 28:01
 
        - speed: Fast
 - version: 1.22 W3XP
 - replay type:  

 
» download(289 KB)
Players
        team 1 (winner) 
              
              
blinn (
green | 129 APM | 3625 actions | 28:01)
              
 5 Blademaster 
 3 Wind Walk
 2 Critical Strike
 4 Shadow Hunter 
 2 Hex
 2 Healing Wave
 
                » actions 
                
                | Assign group hotkey | 106 |  | 
| Basic commands | 3 |  | 
| Build / train | 97 |  | 
| ESC pressed | 2 |  | 
| Enter build submenu | 41 |  | 
| Enter hero's abilities submenu | 9 |  | 
| Give item / drop item | 3 |  | 
| Remove unit from queue | 10 |  | 
| Right click | 1625 |  | 
| Select / deselect | 565 |  | 
| Select group hotkey | 1006 |  | 
| Use ability | 158 |  | 
                3625 total
 » units 
                
                | Peon | 10 |  | 
| Grunt | 16 |  | 
| Troll Batrider | 16 |  | 
                42 total
 » upgrades
                
                | Berserker Strength | 1 |  | 
| Pillage | 1 |  | 
| Ensnare | 1 |  | 
| Spiked Barricades | 1 |  | 
| Armor | 1 |  | 
                5 total
 » buildings
                
                | Altar of Storms | 1 |  | 
| Orc Burrow | 6 |  | 
| Barracks | 1 |  | 
| Voodoo Lounge | 3 |  | 
| Stronghold | 7 |  | 
| War Mill | 1 |  | 
| Beastiary | 3 |  | 
| Watch Tower | 16 |  | 
| Great Hall | 2 |  | 
| Fortress | 5 |  | 
                45 total
 » build order
                00:01 Altar of Storms
00:14 Orc Burrow
00:39 Barracks
01:31 Orc Burrow
03:10 Orc Burrow
03:20 Orc Burrow
03:27 Orc Burrow
03:52 Voodoo Lounge
04:36 Stronghold
04:36 Stronghold
04:37 Stronghold
08:06 War Mill
08:30 Beastiary
09:45 Watch Tower
09:46 Watch Tower
11:16 Watch Tower
11:48 Great Hall
12:29 Orc Burrow
15:28 Watch Tower
15:28 Watch Tower
15:31 Watch Tower
15:50 Stronghold
15:50 Stronghold
18:11 Beastiary
18:12 Beastiary
19:21 Voodoo Lounge
21:41 Watch Tower
21:42 Watch Tower
21:45 Watch Tower
21:46 Watch Tower
24:03 Voodoo Lounge
24:19 Fortress
24:19 Fortress
24:19 Fortress
24:19 Fortress
24:48 Watch Tower
24:48 Watch Tower
26:40 Great Hall
26:43 Watch Tower
26:43 Watch Tower
26:44 Watch Tower
26:44 Watch Tower
» items
                
                | Healing Salve | 4 |  | 
| Lesser Clarity Potion | 2 |  | 
| Scroll of Speed | 3 |  | 
| Scroll of Town Portal | 2 |  | 
                11 total
  
               
              
              
Gobiner (
yellow | 45 APM | 1260 actions | 28:00)
              
 5 Blademaster 
 3 Wind Walk
 2 Critical Strike
 
                » actions 
                
                | Assign group hotkey | 16 |  | 
| Basic commands | 21 |  | 
| Build / train | 60 |  | 
| ESC pressed | 8 |  | 
| Enter build submenu | 46 |  | 
| Enter hero's abilities submenu | 5 |  | 
| Right click | 418 |  | 
| Select / deselect | 254 |  | 
| Select group hotkey | 304 |  | 
| Use ability | 128 |  | 
                1260 total
 » units 
                
                | Peon | 14 |  | 
| Grunt | 8 |  | 
| Troll Batrider | 6 |  | 
                28 total
 » upgrades
                
                | Spiked Barricades | 1 |  | 
| Pillage | 1 |  | 
                2 total
 » buildings
                
                | Altar of Storms | 1 |  | 
| Orc Burrow | 10 |  | 
| Barracks | 1 |  | 
| Voodoo Lounge | 3 |  | 
| War Mill | 3 |  | 
| Stronghold | 5 |  | 
| Watch Tower | 17 |  | 
| Great Hall | 2 |  | 
| Fortress | 1 |  | 
| Beastiary | 2 |  | 
                45 total
 » build order
                00:07 Altar of Storms
00:15 Orc Burrow
00:28 Barracks
01:25 Orc Burrow
03:42 Voodoo Lounge
03:45 Orc Burrow
03:47 Orc Burrow
03:57 Voodoo Lounge
04:04 Orc Burrow
04:29 Orc Burrow
04:31 Orc Burrow
05:36 War Mill
06:18 Orc Burrow
08:04 Stronghold
08:09 Watch Tower
08:10 Watch Tower
08:11 Watch Tower
08:25 Watch Tower
09:24 Watch Tower
09:51 Watch Tower
13:20 Great Hall
13:28 Watch Tower
13:52 Watch Tower
14:21 War Mill
14:47 Watch Tower
14:50 Watch Tower
16:50 Watch Tower
16:56 Watch Tower
16:58 Watch Tower
17:15 Watch Tower
17:17 Watch Tower
17:41 Stronghold
17:41 Stronghold
17:41 Stronghold
18:34 Watch Tower
18:37 War Mill
18:43 Watch Tower
19:29 Voodoo Lounge
20:26 Fortress
20:49 Beastiary
20:51 Beastiary
21:33 Orc Burrow
21:34 Orc Burrow
26:04 Great Hall
» items
                
                | Lesser Clarity Potion | 9 |  | 
| Healing Salve | 4 |  | 
| Boots of Speed | 1 |  | 
| Staff of Teleportation | 1 |  | 
| Orb of Lightning | 1 |  | 
                16 total
  
               
              
              
iggy_the_fisk (
blue | 118 APM | 3318 actions | 28:00)
              
 5 Mountain King 
 3 Storm Bolt
 2 Bash
 
                » actions 
                
                | Assign group hotkey | 255 |  | 
| Basic commands | 15 |  | 
| Build / train | 114 |  | 
| Enter build submenu | 50 |  | 
| Enter hero's abilities submenu | 5 |  | 
| Remove unit from queue | 6 |  | 
| Right click | 1851 |  | 
| Select / deselect | 438 |  | 
| Select group hotkey | 455 |  | 
| Use ability | 128 |  | 
                3318 total
 » units 
                
                | Peasant | 25 |  | 
| Footman | 14 |  | 
| Dragonhawk Rider | 5 |  | 
| Gryphon Rider | 7 |  | 
                51 total
 » upgrades
                
                | Defend | 1 |  | 
| Masonry | 3 |  | 
| Lumber Harvesting | 1 |  | 
| Animal War Training | 1 |  | 
| Swords | 2 |  | 
| Armor | 2 |  | 
                10 total
 » buildings
                
                | Altar of Kings | 1 |  | 
| Barracks | 2 |  | 
| Farm | 15 |  | 
| Lumber Mill | 2 |  | 
| Scout Tower | 22 |  | 
| Guard Tower | 20 |  | 
| Keep | 2 |  | 
| Arcane Tower | 2 |  | 
| Arcane Vault | 2 |  | 
| Town Hall | 1 |  | 
| Gryphon Aviary | 2 |  | 
| Castle | 1 |  | 
| Blacksmith | 1 |  | 
                73 total
 » build order
                00:04 Altar of Kings
00:20 Barracks
00:24 Farm
00:57 Farm
01:46 Farm
01:56 Lumber Mill
02:58 Scout Tower
03:02 Scout Tower
04:27 Scout Tower
06:34 Scout Tower
06:36 Scout Tower
06:38 Farm
07:22 Guard Tower
07:22 Guard Tower
07:22 Guard Tower
07:23 Scout Tower
07:24 Keep
07:25 Arcane Tower
07:25 Guard Tower
07:29 Scout Tower
07:31 Scout Tower
07:52 Guard Tower
07:54 Scout Tower
08:17 Scout Tower
08:19 Scout Tower
08:26 Guard Tower
08:35 Guard Tower
08:38 Scout Tower
08:49 Arcane Vault
09:19 Guard Tower
09:35 Scout Tower
10:23 Guard Tower
10:24 Scout Tower
10:32 Guard Tower
10:33 Guard Tower
10:33 Guard Tower
10:33 Guard Tower
10:52 Guard Tower
11:32 Scout Tower
12:30 Town Hall
12:34 Arcane Tower
13:07 Gryphon Aviary
13:09 Gryphon Aviary
14:13 Castle
14:33 Farm
15:23 Barracks
15:25 Blacksmith
16:26 Farm
16:26 Farm
17:45 Farm
18:47 Farm
21:26 Arcane Vault
22:14 Keep
22:23 Lumber Mill
22:28 Scout Tower
22:29 Scout Tower
22:29 Scout Tower
24:04 Guard Tower
24:18 Guard Tower
24:19 Scout Tower
24:43 Scout Tower
24:43 Scout Tower
24:44 Scout Tower
24:49 Farm
24:49 Farm
24:50 Guard Tower
25:35 Guard Tower
26:10 Farm
26:17 Farm
26:18 Farm
26:18 Guard Tower
27:03 Farm
» items
                
                | Lesser Clarity Potion | 2 |  | 
| Healing Salve | 4 |  | 
| Scroll of Town Portal | 5 |  | 
| Scroll of Regeneration | 4 |  | 
| Boots of Speed | 1 |  | 
                16 total
  
               
              
              
» 
TIMG4STRok (
teal | 113 APM | 3173 actions | 28:00)
              
 4 Blademaster 
 2 Wind Walk
 2 Critical Strike
 
                » actions 
                
                | Assign group hotkey | 17 |  | 
| Basic commands | 31 |  | 
| Build / train | 51 |  | 
| ESC pressed | 6 |  | 
| Enter build submenu | 19 |  | 
| Enter hero's abilities submenu | 4 |  | 
| Give item / drop item | 3 |  | 
| Right click | 1684 |  | 
| Select / deselect | 377 |  | 
| Select group hotkey | 865 |  | 
| Use ability | 116 |  | 
                3173 total
 » units 
                » buildings
                
                | Altar of Storms | 1 |  | 
| Orc Burrow | 10 |  | 
| Barracks | 1 |  | 
| Stronghold | 1 |  | 
| War Mill | 3 |  | 
| Great Hall | 3 |  | 
                19 total
 » build order
                00:05 Altar of Storms
00:19 Orc Burrow
00:41 Barracks
01:35 Orc Burrow
03:06 Orc Burrow
03:15 Orc Burrow
03:21 Orc Burrow
03:27 Orc Burrow
05:07 Orc Burrow
05:37 Orc Burrow
06:21 Stronghold
07:28 War Mill
08:24 Orc Burrow
12:52 Great Hall
13:16 War Mill
13:19 War Mill
14:16 Great Hall
18:11 Orc Burrow
19:57 Great Hall
» items
                
                | Healing Salve | 5 |  | 
| Lesser Clarity Potion | 4 |  | 
| Scroll of Town Portal | 1 |  | 
| Boots of Speed | 1 |  | 
| Staff of Teleportation | 2 |  | 
| Scroll of Healing | 1 |  | 
                14 total
  
               team 2 (loser) 
              
              
bez.rhapsody (
pink | 98 APM | 2740 actions | 27:54)
              
 7 Keeper of the Grove 
 3 Entangling Roots
 3 Thorns Aura
 1 Tranquility
 
                » actions 
                
                | Assign group hotkey | 20 |  | 
| Basic commands | 376 |  | 
| Build / train | 73 |  | 
| ESC pressed | 14 |  | 
| Enter build submenu | 33 |  | 
| Enter hero's abilities submenu | 8 |  | 
| Right click | 1118 |  | 
| Select / deselect | 278 |  | 
| Select group hotkey | 733 |  | 
| Use ability | 87 |  | 
                2740 total
 » units 
                » upgrades
                
                | Strength of the Wild | 2 |  | 
| Upgrade Moon Glaive | 1 |  | 
| Corrosive Breath | 1 |  | 
                4 total
 » buildings
                
                | Altar of Elders | 1 |  | 
| Moon Well | 6 |  | 
| Hunter's Hall | 1 |  | 
| Ancient of War | 1 |  | 
| Tree of Ages | 2 |  | 
| Tree of Eternity | 3 |  | 
| Ancient of Wind | 1 |  | 
| Chimaera Roost | 2 |  | 
| Ancient Protector | 15 |  | 
| Tree of Life | 2 |  | 
                34 total
 » build order
                00:07 Altar of Elders
00:17 Moon Well
01:23 Hunter's Hall
01:49 Ancient of War
02:02 Moon Well
02:17 Moon Well
03:44 Tree of Ages
03:45 Tree of Ages
07:20 Tree of Eternity
07:20 Tree of Eternity
09:16 Ancient of Wind
10:31 Chimaera Roost
10:32 Chimaera Roost
12:14 Moon Well
12:49 Ancient Protector
13:53 Tree of Life
14:16 Moon Well
14:38 Ancient Protector
15:39 Moon Well
15:44 Ancient Protector
17:34 Ancient Protector
17:59 Ancient Protector
18:47 Ancient Protector
18:49 Ancient Protector
19:17 Tree of Life
22:33 Ancient Protector
22:35 Ancient Protector
23:53 Ancient Protector
23:58 Ancient Protector
25:27 Ancient Protector
25:29 Ancient Protector
27:18 Ancient Protector
27:22 Ancient Protector
» items
                 
               
              
              
bizzlemyzizzle (
red | 67 APM | 1889 actions | 27:59)
              
 1 Death Knight 
 1 Death Coil
 
                » actions 
                
                | Assign group hotkey | 20 |  | 
| Basic commands | 97 |  | 
| Build / train | 24 |  | 
| ESC pressed | 4 |  | 
| Enter build submenu | 12 |  | 
| Enter hero's abilities submenu | 1 |  | 
| Right click | 1110 |  | 
| Select / deselect | 273 |  | 
| Select group hotkey | 316 |  | 
| Use ability | 32 |  | 
                1889 total
 » units 
                
                | Acolyte | 4 |  | 
| Ghoul | 4 |  | 
| Crypt Fiend | 6 |  | 
                14 total
 » upgrades
                » buildings
                
                | Graveyard | 1 |  | 
| Crypt | 1 |  | 
| Ziggurat | 5 |  | 
| Altar of Darkness | 2 |  | 
| Tomb of Relics | 1 |  | 
| Nerubian Tower | 1 |  | 
| Spirit Tower | 2 |  | 
| Necropolis | 2 |  | 
                15 total
 » build order
                00:06 Graveyard
00:07 Crypt
00:30 Ziggurat
00:47 Altar of Darkness
01:37 Ziggurat
01:40 Tomb of Relics
01:43 Nerubian Tower
05:18 Ziggurat
05:28 Ziggurat
06:23 Spirit Tower
06:23 Spirit Tower
09:40 Necropolis
09:43 Altar of Darkness
09:44 Ziggurat
09:51 Necropolis
» items
                
                | Dust of Appearance | 2 |  | 
| Rod of Necromancy | 1 |  | 
                3 total
  
               
              
              
protalisk (
orange | 132 APM | 3679 actions | 27:55)
              
 5 Blademaster 
 3 Wind Walk
 2 Critical Strike
 
                » actions 
                
                | Assign group hotkey | 40 |  | 
| Basic commands | 103 |  | 
| Build / train | 67 |  | 
| ESC pressed | 2 |  | 
| Enter build submenu | 18 |  | 
| Enter hero's abilities submenu | 5 |  | 
| Right click | 1615 |  | 
| Select / deselect | 421 |  | 
| Select group hotkey | 1235 |  | 
| Use ability | 173 |  | 
                3679 total
 » units 
                
                | Peon | 10 |  | 
| Raider | 18 |  | 
| Shaman | 6 |  | 
| Troll Witch Doctor | 6 |  | 
                40 total
 » upgrades
                
                | Pillage | 1 |  | 
| Melee Weapons | 2 |  | 
| Ensnare | 1 |  | 
| Shaman Training | 2 |  | 
| Witch Doctor Training | 2 |  | 
                8 total
 » buildings
                
                | Altar of Storms | 1 |  | 
| Orc Burrow | 8 |  | 
| Stronghold | 3 |  | 
| War Mill | 1 |  | 
| Voodoo Lounge | 1 |  | 
| Beastiary | 3 |  | 
| Fortress | 1 |  | 
| Spirit Lodge | 2 |  | 
| Tauren Totem | 1 |  | 
                21 total
 » build order
                00:05 Altar of Storms
00:14 Orc Burrow
02:02 Stronghold
02:02 Stronghold
02:02 Stronghold
02:13 War Mill
02:22 Orc Burrow
03:57 Voodoo Lounge
04:03 Orc Burrow
04:30 Beastiary
04:32 Beastiary
04:37 Beastiary
05:43 Orc Burrow
08:49 Fortress
09:14 Spirit Lodge
09:15 Spirit Lodge
09:45 Orc Burrow
10:02 Orc Burrow
10:58 Orc Burrow
12:46 Tauren Totem
15:47 Orc Burrow
» items
                
                | Healing Salve | 1 |  | 
| Lesser Clarity Potion | 2 |  | 
| Scroll of Speed | 1 |  | 
| Potion of Healing | 1 |  | 
| Potion of Mana | 1 |  | 
| Scroll of Town Portal | 1 |  | 
                7 total
  
               
              
              
STFUANDLISTEN (
purple | 93 APM | 2582 actions | 27:53)
              
 2 Blademaster 
 1 Wind Walk
 1 Critical Strike
 
                » actions 
                
                | Assign group hotkey | 14 |  | 
| Basic commands | 84 |  | 
| Build / train | 41 |  | 
| ESC pressed | 3 |  | 
| Enter build submenu | 10 |  | 
| Enter hero's abilities submenu | 2 |  | 
| Right click | 1778 |  | 
| Select / deselect | 395 |  | 
| Select group hotkey | 110 |  | 
| Use ability | 145 |  | 
                2582 total
 » units 
                » buildings
                
                | Altar of Storms | 1 |  | 
| Orc Burrow | 6 |  | 
| Barracks | 1 |  | 
| Voodoo Lounge | 1 |  | 
                9 total
 » build order
                00:04 Altar of Storms
00:14 Orc Burrow
00:38 Barracks
01:25 Orc Burrow
07:23 Orc Burrow
07:27 Orc Burrow
07:38 Voodoo Lounge
08:07 Orc Burrow
08:30 Orc Burrow
 
                Chat log
          (00:27 / All) TIMG4STRok: GONNA BRUSH U TEEF SON
(00:32 / All) bizzlemyzizzle: stfu
(00:43 / All) STFUANDLISTEN: nice
(00:47 / All) TIMG4STRok: squeaky clean
(00:56 / All) blinn: you guys ever hear that song casimir pulaski day? so sad & moving...
(01:01 / All) bizzlemyzizzle: no plz stfu
(01:07 / All) TIMG4STRok: Manner. Game.
(01:15 / All) bizzlemyzizzle: don't associate with fags
(01:16 / All) bizzlemyzizzle: plz
(01:17 / All) Gobiner: lets have a fun time playing fairly!!
(01:28 / All) iggy_the_fisk: is that really a necessary part of the protocol
(01:31 / All) iggy_the_fisk: feed the undead talk shit
(01:45 / All) STFUANDLISTEN: PLEASE
(01:47 / All) bizzlemyzizzle: yes keep talking like you guys will win
(01:54 / All) bizzlemyzizzle: i love noobs like you guys
(02:00 / All) bizzlemyzizzle: so confident I like that
(02:03 / All) bizzlemyzizzle: good spunky tots
(02:06 / All) TIMG4STRok: hgey look at me im the guy that feeds the undead
(02:11 / All) Gobiner: you like spunky tots
(02:15 / All) Gobiner: that's fucking gross
(02:15 / All) bizzlemyzizzle: I do
(02:16 / All) TIMG4STRok: when im not in allies screen (f11) im talkin shit
(02:18 / All) bizzlemyzizzle: I like to rape them
(02:20 / All) blinn: *reads a protocol handbook* hmm.. shittalking.. hmmm
(02:20 / All) Gobiner: who puts jizz on their taters
(02:23 / All) bizzlemyzizzle: over and over again
(10:30 / All) TIMG4STRok: leave
(14:42 / All) TIMG4STRok: plug pull lmfao
(14:52 / All) STFUANDLISTEN: LOL
(14:58 / All) bizzlemyzizzle: yes that's why i'm still here
(15:21 / All) TIMG4STRok: nice purge
(15:22 / All) TIMG4STRok: lmfao
(27:55 / All) blinn: gg 
(27:55 / All) TIMG4STRok: LOL
(27:56 / All) blinn: bitches
(27:56 / All) TIMG4STRok: leave.
(27:57 / All) blinn: fuck you